 Dungeon Crawl Stone Soup version 0.28-a0-305-g9e858e973b (webtiles) character file.

Game seed: 16797025554649178481

55319 jasper the Severer (level 14, -13/118 (121) HPs)
             Began as a Demonspawn Cinder Acolyte on Aug 30, 2021.
             Was a High Priest of Ignis.
             Mangled by an orc knight (24 damage)
             ... on level 2 of the Orcish Mines.
             The game lasted 00:29:16 (17898 turns).

jasper the Severer (Demonspawn Cinder Acolyte)     Turns: 17898, Time: 00:29:16

HP:   -13/118 (121) AC: 20    Str: 17    XL:     14   Next: 37%
MP:   0/24          EV: 14    Int: 15    God:    Ignis [*****.]
Gold: 1973          SH:  0    Dex: 13    Spells: 15/15 levels left

rFire   + . .      SeeInvis +   X - +1 war axe (elec)
rCold   + . .      Faith    .   (no shield)
rNeg    . . .      Spirit   +   d - +4 ring mail of Defiance {rElec Regen+ MP+9 Int-3}
rPois   +          Reflect  .   j - +1 helmet {SInv}
rElec   +          Harm     .   o - +0 cloak
rCorr   .          Rampage  .   G - +0 pair of gloves
Will    +....                   (no boots)
Stlth   +.........              g - amulet of guardian spirit
HPRegen 1.29/turn               E - ring of poison resistance
MPRegen 0.19/turn               Q - ring "Gonim" {Int+4 Slay+4}

@: lightly drained
A: hooves 2, icy blue scales 3, ignite blood 1, robust 1, spiny 2
a: Renounce Religion, Sea of Fire, Foxfire Swarm, Rising Flame


You were on level 2 of the Orcish Mines.
You worshipped Ignis.
Ignis was extremely pleased with you.
You visited 3 branches of the dungeon, and saw 19 of its levels.
You also visited: Sewer.

You collected 1973 gold pieces.

Inventory:

Hand Weapons
 a - a +0 hand axe of flaming
 m - the +8 battleaxe of Jyas {vorpal, Int+7 Stlth-}
   (You found it on level 5 of the Lair of Beasts)

   It inflicts extra damage upon your enemies.
   Int:       It affects your intelligence (+7).
   Stlth:     It makes you less stealthy.
 X - a +1 war axe of electrocution (weapon)
Missiles
 h - 428 stones
 k - 14 atropa-tipped darts
 v - 3 javelins
 I - 43 poisoned darts (quivered)
 T - 2 throwing nets
Armour
 d - the +4 ring mail of Defiance (worn) {rElec Regen+ MP+9 Int-3}
   (You found it on level 4 of the Dungeon)

   Int:       It affects your intelligence (-3).
   rElec:     It insulates you from electricity.
   MP:        It affects your magic capacity (+9).
   Regen:     It increases your rate of health regeneration.
 j - a +1 helmet of see invisible (worn)
 o - a +0 cloak (worn)
 G - a +0 pair of gloves (worn)
Jewellery
 f - a ring of willpower
 g - an amulet of guardian spirit (around neck)
 p - a ring of willpower
 E - a ring of poison resistance (left hand)
 Q - the ring "Gonim" (right hand) {Int+4 Slay+4}
   (You found it on level 5 of the Lair of Beasts)

   [ring of slaying]

   Int:       It affects your intelligence (+4).
   Slay:      It affects your accuracy & damage with ranged weapons and melee
   (+4).
 R - a ring of positive energy
 S - a ring of protection from cold
 Y - a ring of see invisible
Wands
 b - a wand of mindburst (9)
 q - a wand of polymorph (3)
 H - a wand of digging (5)
 O - a wand of charming (7)
 P - a wand of flame (29)
 V - a wand of paralysis (19)
Scrolls
 l - a scroll of vulnerability
 r - 11 scrolls of teleportation
 s - 9 scrolls of fear
 t - a scroll of silence
 u - 4 scrolls of magic mapping
 y - a scroll of amnesia
 B - 2 scrolls of summoning
 C - 4 scrolls of immolation
 D - a scroll of fog
 J - a scroll of blinking
 L - 2 scrolls of enchant weapon
 N - 5 scrolls of enchant armour
 W - a scroll of torment
Potions
 c - 3 potions of flight
 e - a potion of ambrosia
 n - 10 potions of curing
 w - a potion of heal wounds
 x - 7 potions of haste
 z - a potion of mutation
 F - a potion of resistance
 K - a potion of might
 M - a potion of magic
 U - a potion of cancellation
 Z - a potion of lignification


   Skills:
 - Level 10.0 Fighting
 - Level 16.0 Axes
 + Level 9.5 Armour
 + Level 9.4 Dodging
 - Level 1.0 Spellcasting
 - Level 0.8 Fire Magic
 - Level 6.0 Evocations


You had 15 spell levels left.
You didn't know any spells.
Your spell library contained the following spells:

 Spells                   Type           Power      Damage    Failure   Level
 Foxfire                  Conj/Fire      8%         2x1d4     32%         1
 Corona                   Hex            0%         N/A       36%         1
 Sandblast                Erth           0%         2d4       36%         1
 Ensorcelled Hibernation  Hex/Ice        0%         N/A       52%         2
 Passwall                 Tmut/Erth      0%         N/A       52%         2
 Slow                     Hex            0%         N/A       52%         2
 Static Discharge         Conj/Air       0%         N/A       52%         2
 Conjure Flame            Conj/Fire      2%         6-21      69%         3
 Ignite Poison            Fire/Tmut/Pois 1%         N/A       71%         3
 Confusing Touch          Hex            0%         N/A       75%         3
 Dazzling Flash           Conj/Hex       0%         N/A       75%         3
 Gell's Gravitas          Tloc           0%         N/A       75%         3
 Mephitic Cloud           Conj/Pois/Air  0%         N/A       75%         3
 Teleport Other           Tloc           0%         N/A       75%         3
 Tukima's Dance           Hex            0%         N/A       75%         3
 Sticky Flame             Conj/Fire      2%         2d3       97%         4
 Dispel Undead            Necr           0%         3d6       98%         4
 Iskenderun's Mystic Bla  Conj/Tloc      0%         2d3       98%         4
 Bolt of Magma            Conj/Fire/Erth 0%         4d4       100%        5
 Lee's Rapid Deconstruct  Erth           0%         3d5*      100%        5
 Yara's Violent Unravell  Hex/Tmut       0%         3d3       100%        5
 Dispersal                Tloc           0%         N/A       100%        6
 Starburst                Conj/Fire      1%         6d3       100%        6


Dungeon Overview and Level Annotations

Branches:
Dungeon (12/15)            Temple (0/1) D:7            Lair (5/6) D:10
  Swamp (0/4) Lair:4        Snake (0/4) Lair:4        Slime (0/5) Lair:5
    Orc (2/2) D:12            Elf (0/3) Orc:2         Sewer (visited)

Altars:
Xom
Jiyva

Shops:
D:2 *:

Annotations:
D:4 1 runed translucent door, Spaninq's ghost, novice TrEE
Lair:1 exclusion: 2 oklob plants
Lair:5 exclusion: 4 oklob plants
Orc:2 1 runed translucent door, Phlounder's ghost, journeyman DjEE


Innate Abilities, Weirdness & Mutations

You have hoof-like feet.
You are completely covered in icy blue scales. (AC +4, rC+)
Your demonic aura sometimes causes spilled blood to erupt in flames.
You are robust. (+10% HP)
You are mostly covered in sharp spines.


Message History

You take 34 damage, and have 39/117 hp.
MASSIVE DAMAGE!!
You now have 8/24 mp.
Really read the scroll of immolation?
Okay, then.
Unknown command.
You hit the orc sorcerer but do no damage.
Lightning courses through the orc sorcerer!
You kill the orc sorcerer!
You hit the orc warrior but do no damage.
Lightning courses through the orc warrior!
You slash the orange demon!
You kill the orange demon!
You barely miss the orc knight. x2
The orc high priest utters an invocation to Beogh.
The orc knight hits you with a +0 long sword!!
* * * LOW HITPOINT WARNING * * *
The orc warrior barely misses you.
The orc knight hits you with a +2 antimagic battleaxe!
* * * LOW HITPOINT WARNING * * *
You take 38 damage, and have 1/118 hp.
MASSIVE DAMAGE!!
You now have 0/24 mp.
Unknown command.
Unknown command.
You feel much better.
The orc priest mumbles some strange prayers to Beogh against you.
Pain shoots through your body!
* * * LOW HITPOINT WARNING * * *
The orc knight is struck by your spines.
The orc knight barely misses you.
The orc warrior hits you from afar with a +0 glaive!
* * * LOW HITPOINT WARNING * * *
You regained 3 hp, and now have 4/118 hp.
You feel much better.
The orc knight is engulfed in blazing flames.
The orc high priest calls down the wrath of Beogh upon you.
Beogh smites you!
* * * LOW HITPOINT WARNING * * *
The orc priest invokes the aid of Beogh against you.
Pain shoots through your body!
* * * LOW HITPOINT WARNING * * *
The orc knight hits you with a +0 long sword!!
You die...

##..................#...##
#......#...........#...##
###...................#.##
##........######....†...##
#........###...###.....##
##...#.####......##...##
#...######...))÷..#####
##..## #.)..##o.°..#
#...)####..)####@°..#
.#..))##.)..##oo°oo..#
....))))...##.ooo.÷÷.÷#
....[))....##..oo3....#
##.........###÷..o....#
...........# #..4.....#
#..........# #.÷..÷...#
...........# ##......##
.>....######


You could see 3 orc knights, 2 orc high priests, a sun demon (summoned), a rust
devil (summoned), an orc sorcerer (strong), 2 orc warriors, 2 orc priests and an
orc wizard (strong, invisible).

Vanquished Creatures
  Snorg (Lair:5)
  A boulder beetle (Lair:5)
  8 hydras
  A catoblepas (Lair:3)
  Erica (Orc:1)
  2 two-headed ogres
  5 death yaks (Lair:5)
  3 orc high priests (Orc:2)
  4 orc knights
  2 orc sorcerers (Orc:2)
  A will-o-the-wisp (Lair:4)
  14 elephants
  2 black mambas
  12 cane toads
  2 rime drakes
  11 komodo dragons
  4 trolls
  A hornet (D:8)
  28 blink frogs
  2 vampires
  A shadow (D:10)
  9 wyverns
  A fire bat (D:8)
  6 basilisks
  26 yaks
  A fire elemental (Lair:1)
  12 vampire mosquitoes
  3 nagas (Lair:4)
  8 wargs
  An acid dragon (D:10)
  12 water moccasins
  A floating eye (Lair:1)
  A swamp drake (D:12)
  2 sky beasts
  2 black bears
  23 orc warriors
  4 ogres
  2 ice beasts (D:6)
  14 wolves
  8 centaurs
  A kobold brigand (D:8)
  9 bullfrogs
  A scorpion (Lair:3)
  A wyvern skeleton (D:7)
  A water moccasin skeleton (D:7)
  6 killer bees (D:9)
  6 wights
  7 howler monkeys
  3 electric eels
  A bullfrog zombie (D:6)
  A hound (D:4)
  4 centaur zombies
  2 jellies
  13 orc priests
  A bullfrog skeleton (D:6)
  2 centaur skeletons
  A gnoll shaman (D:4)
  3 iguanas
  30 orc wizards
  A killer bee zombie (D:5)
  2 hound skeletons (D:4)
  11 adders
  12 gnolls
  8 river rats
  A shadow imp (D:5)
  2 white imps
  2 ufetubi
  4 worms
  4 dart slugs
  61 orcs
  15 ball pythons
  6 endoplasms
  4 giant cockroaches
  5 goblins
  6 hobgoblins
  2 jackals (D:4)
  5 quokkas
  3 bats
  7 frilled lizards
  12 kobolds
  23 rats
531 creatures vanquished.

Vanquished Creatures (collateral kills)
  A rat (Sewer)
1 creature vanquished.

Vanquished Creatures (others)
  A gnoll sergeant (D:11)
  An orc wizard (D:3)
  An adder (D:3)
  A dart slug (D:3)
  3 orcs (D:3)
  An endoplasm (D:3)
  2 giant cockroaches (D:3)
  2 goblins (D:3)
  2 quokkas (D:3)
  A ball python (D:3)
  2 frilled lizards (D:3)
  A rat (D:3)
  29 foxfires
  27 fungi
  51 plants
125 creatures vanquished.

Grand Total: 657 creatures vanquished

Notes
Turn   | Place    | Note
-------+----------+-------------------------------------------
     0 | D:1      | jasper the Demonspawn Cinder Acolyte began the quest for
                  | the Orb.
     0 | D:1      | Reached XP level 1. HP: 18/18 MP: 2/2
   203 | D:1      | Reached skill level 3 in Axes
   417 | D:1      | Gained mutation: You are partially covered in icy blue
                  | scales. (AC +2) [demonic ancestry]
   417 | D:1      | Reached XP level 2. HP: 24/24 MP: 1/3
   566 | D:1      | Found a faded altar of an unknown god.
  1189 | D:2      | Gained mutation: You are mostly covered in icy blue scales.
                  | (AC +3) [demonic ancestry]
  1189 | D:2      | Reached XP level 3. HP: 11/29 MP: 4/4
  1196 | D:1      | Reached skill level 4 in Axes
  1854 | D:2      | Found Tystiasch's Book Emporium.
  1901 | D:2      | Found Cauwneo's General Store.
  2357 | D:3      | Reached XP level 4. HP: 30/35 MP: 5/5
  2361 | D:3      | Reached skill level 5 in Axes
  2370 | D:3      | Gained mutation: You are partially covered in sharp spines.
                  | [demonic ancestry]
  2370 | D:3      | Reached XP level 5. HP: 25/41 MP: 6/6
  3219 | D:3      | Found a shimmering altar of Xom.
  3604 | D:4      | Noticed an ogre
  3620 | D:4      | Killed an ogre
  3621 | D:4      | Reached skill level 6 in Axes
  3621 | D:4      | Gained mutation: You are completely covered in icy blue
                  | scales. (AC +4, rC+) [demonic ancestry]
  3621 | D:4      | Reached XP level 6. HP: 47/47 MP: 7/7
  3667 | D:4      | Identified the +4 ring mail of Defiance {rElec Regen+ MP+9
                  | Int-3}
  4083 | D:4      | Reached skill level 7 in Axes
  4284 | D:4      | Found a runed translucent door.
  4284 | D:4      | Noticed Spaninq's ghost (novice TrEE)
  4396 | D:5      | Entered Level 5 of the Dungeon
  4551 | D:5      | Gained mutation: You have large cloven feet. [demonic
                  | ancestry]
  4551 | D:5      | Reached XP level 7. HP: 51/52 MP: 8/8
  4883 | D:5      | Reached skill level 8 in Axes
  5334 | D:6      | Reached skill level 9 in Axes
  5334 | D:6      | Reached XP level 8. HP: 27/58 MP: 9/9
  5501 | D:6      | Found a glowing drain.
  5513 | Sewer    | Entered a sewer
  5871 | D:6      | Reached skill level 10 in Axes
  6162 | D:6      | Reached skill level 11 in Axes
  6474 | D:6      | Gained mutation: You have hoof-like feet. [demonic
                  | ancestry]
  6474 | D:6      | Reached XP level 9. HP: 63/63 MP: 10/10
  6634 | D:7      | Found a staircase to the Ecumenical Temple.
  7430 | D:8      | Paralysed by a hornet for 3 turns
  7601 | D:8      | Reached skill level 12 in Axes
  7719 | D:8      | Identified the +4 dagger "Kuuvum" {vorpal, *Rage rF+ Int+4
                  | Dex+4}
  8644 | D:9      | Reached skill level 13 in Axes
  8650 | D:9      | Reached XP level 10. HP: 64/67 MP: 11/11
  8992 | D:10     | Entered Level 10 of the Dungeon
  9212 | D:10     | Noticed a two-headed ogre
  9252 | D:10     | Killed a two-headed ogre
  9253 | D:10     | Reached skill level 14 in Axes
  9299 | D:10     | Found a staircase to the Lair.
  9335 | D:10     | Reached skill level 1 in Armour
  9336 | D:10     | Reached skill level 1 in Dodging
  9344 | D:10     | Reached skill level 1 in Evocations
 10003 | D:11     | Gained mutation: Your demonic aura sometimes causes spilled
                  | blood to erupt in flames. [demonic ancestry]
 10003 | D:11     | Reached XP level 11. HP: 72/77 MP: 12/12
 10327 | D:11     | Noticed a two-headed ogre
 10335 | D:11     | Killed a two-headed ogre
 10336 | D:11     | Reached skill level 5 in Fighting
 10336 | D:11     | Reached skill level 5 in Evocations
 10878 | D:12     | Noticed a yaktaur captain
 10879 | D:12     | Noticed a four-headed hydra
 10889 | D:12     | Killed a seven-headed hydra
 10966 | Lair:1   | Entered Level 1 of the Lair of Beasts
 11042 | Lair:1   | Noticed an oklob plant
 11131 | Lair:1   | Paralysed by a floating eye for 3 turns
 11388 | Lair:1   | Noticed an oklob plant
 11969 | Lair:2   | Noticed a four-headed hydra
 11987 | Lair:2   | Killed a five-headed hydra
 12111 | Lair:2   | Reached skill level 5 in Armour
 12111 | Lair:2   | Reached skill level 5 in Dodging
 12219 | Lair:2   | Gained mutation: You are mostly covered in sharp spines.
                  | [demonic ancestry]
 12219 | Lair:2   | Reached XP level 12. HP: 89/89 MP: 13/13
 13047 | Lair:3   | Noticed a four-headed hydra
 13055 | Lair:3   | Killed a one-headed hydra
 13278 | Lair:3   | Noticed a four-headed hydra
 13294 | Lair:3   | Killed a one-headed hydra
 13310 | Lair:3   | Reached skill level 15 in Axes
 13831 | Lair:3   | Noticed a catoblepas
 13849 | Lair:3   | Killed a catoblepas
 13850 | Lair:3   | Reached XP level 13. HP: 66/96 MP: 14/14
 13928 | Lair:3   | You fall into a shaft and drop 2 floors!
 14046 | Lair:4   | Reached skill level 16 in Axes
 14513 | Lair:4   | Found a staircase to the Snake Pit.
 14720 | Lair:4   | Found a staircase to the Swamp.
 15042 | Lair:5   | Found a viscous altar of Jiyva.
 15042 | Lair:5   | Found a staircase to the Slime Pits.
 15305 | Lair:5   | Identified the +8 battleaxe of Jyas {vorpal, Int+7 Stlth-}
 15760 | Lair:5   | Identified the ring "Gonim" {Int+4 Slay+4}
 15897 | Lair:5   | Noticed Snorg
 15917 | Lair:5   | Killed Snorg
 16131 | Lair:5   | Gained mutation: You are robust. (+10% HP) [demonic
                  | ancestry]
 16131 | Lair:5   | Reached XP level 14. HP: 102/119 MP: 15/15
 16869 | D:12     | Found a staircase to the Orcish Mines.
 16936 | Orc:1    | Entered Level 1 of the Orcish Mines
 17150 | Orc:2    | Entered Level 2 of the Orcish Mines
 17157 | Orc:2    | Reached skill level 10 in Fighting
 17341 | Orc:2    | Found a runed translucent door.
 17343 | Orc:2    | Noticed Phlounder's ghost (journeyman DjEE)
 17383 | Orc:1    | Noticed Erica
 17403 | Orc:1    | Killed Erica
 17712 | Orc:2    | Found a staircase to the Elven Halls.
 17896 | Orc:2    | HP: 1/117 [orc knight (12)]
 17898 | Orc:2    | Mangled by an orc knight

Illustrated notes

Levels and vault maps discovered:
D:1:      nicolae_arrival_washed_ashore, layout_basic,
          shapermc_ecumenical_altar_venn
D:2:      layout_loops_ring, serial_shops, shop, shop
D:3:      cheibrodos_helix_gallery, layout_loops_cross, xom_confusion_cloud
D:4:      layout_rooms, ebering_ghost_sewer_d
D:5:      layout_basic, serial_curves, eino_curves_03, eino_curves_01
D:6:      layout_loops_ring, portal_sewer_entry_b
D:7:      minmay_flawed_box, layout_basic, temple_doors_e, serial_corexii_hall,
          chequers_hall_statues_corner_a, corexii_hall_statues_i
D:8:      layout_loops_cross
D:9:      layout_loops_ring
D:10:     layout_basic, erik_lair_orcish_takeover
D:11:     layout_basic, nzn_life_drinkers
D:12:     layout_layer_cave, erik_orc_1, kennysheep_island_fort
Lair:1:   layout_gridlike, disabler_island, uniq_urug
Lair:2:   layout_misc_corridors, infiniplex_staircase_pool, grunt_megastairs_5
Lair:3:   layout_regular_city, wad_woods_river_01, serial_bayou_shore_a
Lair:4:   layout_loops_ring, minmay_swamp_entry_wisps,
          minmay_snake_entry_guardpost_small
Lair:5:   layout_cave_pods, slime_altar_1, nzn_sisyphean_effort,
          grunt_megastairs_3, minmay_lair_oklob_chamber, uniq_snorg
Orc:1:    layout_caves, uniq_erica
Orc:2:    grunt_orc_tribal_feast, layout_caves, ebering_ghost_inner_flame

Skill      XL: |  1  2  3  4  5  6  7  8  9 10 11 12 13 14 |
---------------+-------------------------------------------+-----
Axes           | 3 4 5 6 7 9 11 13 14 15 16 | 16.0
Armour         | 2 5 6 8 9 |  9.5
Dodging        | 2 5 6 8 9 |  9.4
Evocations     | 3 6 |  6.0
Fighting       | 4 6 7 9 10 | 10.0
Spellcasting   | |  1.0
Fire Magic     | |  0.8

Action                   |  1- 3 |  4- 6 |  7- 9 | 10-12 | 13-15 || total
-------------------------+-------+-------+-------+-------+-------++-------
Melee: Hand axe          |   100 |   147 |   346 |   398 |    35 ||  1026
       Kick              |       |       |    83 |   154 |   121 ||   358
       War axe           |       |       |       |   100 |   363 ||   463
Throw: Stone             |    17 |    47 |       |    77 |    11 ||   152
       Dart              |       |    31 |    41 |     9 |     9 ||    90
 Cast: Foxfire           |    16 |       |       |       |       ||    16
Evoke: Wand              |       |       |     7 |     9 |     2 ||    18
  Use: Scroll            |     6 |     4 |     9 |     5 |     5 ||    29
       Potion            |       |     2 |     1 |       |     2 ||     5
Armor: Ring mail         |    38 |    47 |   161 |   180 |   165 ||   591
Dodge: Dodged            |    57 |    56 |   170 |   215 |   216 ||   714

Table legend: (Time is in decaauts)
 A = Elapsed time spent in this place.
 B = Non-inter-level travel time spent in this place.
 C = Inter-level travel time spent in this place.
 D = Time resting spent in this place.
 E = Time spent auto-exploring this place.
 F = Levels seen in this place.
 G = Mean time per level.
                   A        B        C        D        E       F      G
               +--------+--------+--------+--------+--------+-----+--------+
         Total |  17599 |  16941 |    658 |   1037 |  12344 |  20 |  880.0 |
       Dungeon |  11013 |  10542 |    471 |    769 |   7811 |  12 |  917.8 |
          Lair |   5313 |   5147 |    166 |    137 |   3902 |   5 | 1062.6 |
  Orcish Mines |    946 |    927 |     19 |    131 |    547 |   2 |  473.0 |
         Sewer |    326 |    326 |      0 |      0 |     83 |   1 |  326.0 |
               +--------+--------+--------+--------+--------+-----+--------+

Top non-repeatable levels by time:
  Lair:5: 1376 daAuts
     D:1: 1348 daAuts
  Lair:2: 1271 daAuts
     D:3: 1254 daAuts
  Lair:3: 1175 daAuts
    D:11: 953 daAuts
     D:4: 943 daAuts
     D:5: 918 daAuts
     D:7: 908 daAuts
     D:2: 869 daAuts
     D:6: 846 daAuts
     D:8: 790 daAuts
    D:10: 782 daAuts
  Lair:1: 771 daAuts
     D:9: 762 daAuts
